| TOP OF THE 1ST |
|
New York Mets batting - Pitching for Philadelphia Phillies : RHP Matt Evans
|
|
Pitching: RHP Matt Evans
|
|
|
Batting: RHB Finn Ross
|
0-0: Bunt missed! 0-1: Swinging Strike 0-2: Strikes out swinging
|
|
Batting: RHB Josh Jones
|
0-0: Ball 1-0: Called Strike 1-1: Ball 2-1: DOUBLE (Line Drive, 9LM, EV 113.1 MPH)
|
|
Batting: LHB Chris Ringwood
|
0-0: Called Strike 0-1: Ball 1-1: Ball 2-1: 2-RUN HOME RUN (Flyball, 89XD, EV 110.6 MPH), Distance : 437 ft
|
|
Batting: LHB Kyle Beaulieu
|
0-0: Foul Ball, location: 2F 0-1: Ball 1-1: Foul Ball, location: 2F 1-2: SINGLE (Groundball, 6M, EV 101.2 MPH) (infield hit)
|
|
Batting: SHB Luke Robbins
|
0-0: Ball 1-0: Fly out, F9 (Flyball, 9LM, EV 80.6 MPH)
|
|
Batting: SHB Roberto Magne
|
0-0: Foul Ball, location: 2F 0-1: Ground out 6-3 (Groundball, 6S, EV 75.6 MPH)
|
| Top of the 1st over - 2 runs, 3 hits, 0 errors, 1 left on base; New York 2 - Philadelphia 0 |
| BOTTOM OF THE 1ST |
|
Philadelphia Phillies batting - Pitching for New York Mets : RHP Jeff Jank
|
|
Pitching: RHP Jeff Jank
|
|
|
Batting: LHB Nick Canizales
|
0-0: Called Strike 0-1: Called Strike 0-2: Ball 1-2: Foul Ball, location: 2F 1-2: Ball 2-2: Foul Ball, location: 2F 2-2: Ball 3-2: Foul Ball, location: 2F 3-2: Fly out, F7 (Flyball, 7LSF, EV 92.5 MPH)
|
|
Batting: LHB Mike Davis
|
0-0: Called Strike 0-1: SOLO HOME RUN (Flyball, 7D, EV 98.8 MPH), Distance : 388 ft
|
|
Batting: RHB Chef Belew
|
0-0: Ball 1-0: Ball 2-0: Called Strike 2-1: Ball 3-1: Base on Balls
|
|
Batting: LHB Osamu Kubo
|
0-0: Ball 1-0: Foul Ball, location: 2F 1-1: Grounds into double play, 3-6-3 (Groundball, 34, EV 90.0 MPH)
|
| Bottom of the 1st over - 1 run, 1 hit, 0 errors, 0 left on base; New York 2 - Philadelphia 1 |
| TOP OF THE 2ND |
|
New York Mets batting - Pitching for Philadelphia Phillies : RHP Matt Evans
|
|
Batting: RHB Antonio Aranda
|
0-0: Bunt for hit to P - play at first, batter OUT! 1-3
|
|
Batting: RHB Chris Torlak
|
0-0: Called Strike 0-1: Ball 1-1: Ball 2-1: Reached on error, E6 (Groundball, 6, EV 88.1 MPH)
|
|
Batting: RHB Sang-ton Pak
|
0-0: Ground out 5-3 (Groundball, 56, EV 91.2 MPH)
|
|
Batting: RHB Finn Ross
|
0-0: Swinging Strike 0-1: Ball 1-1: Ball 2-1: Ball 3-1: SINGLE (Flyball, 7S, EV 92.5 MPH) Chris Torlak to third Runner from 3rd tries for Home, SAFE, throw by LF to home
|
|
Batting: RHB Josh Jones
|
0-0: SINGLE (Groundball, 6S, EV 98.8 MPH) Finn Ross to second
|
|
Batting: LHB Chris Ringwood
|
0-0: Ball 1-0: Ball 2-0: Ball 3-0: Base on Balls Finn Ross to third Josh Jones to second
|
|
Batting: LHB Kyle Beaulieu
|
0-0: Called Strike 0-1: Ball 1-1: Called Strike 1-2: Fly out, F8 (Flyball, 8RS, EV 95.0 MPH)
|
| Top of the 2nd over - 1 run, 2 hits, 1 error, 3 left on base; New York 3 - Philadelphia 1 |
| BOTTOM OF THE 2ND |
|
Philadelphia Phillies batting - Pitching for New York Mets : RHP Jeff Jank
|
|
Batting: LHB Ryan Trombley
|
0-0: Foul Ball, location: 2F 0-1: Ground out 6-3 (Groundball, 6S, EV 74.4 MPH)
|
|
Batting: RHB Josh Hensley
|
0-0: Ball 1-0: Fly out, F9 (Flyball, 9D, EV 98.8 MPH)
|
|
Batting: RHB Quintin Parker
|
0-0: Ball 1-0: Ball 2-0: Ball 3-0: Called Strike 3-1: Called Strike 3-2: SINGLE (Line Drive, 89S, EV 104.4 MPH)
|
|
Batting: LHB Cody Schumacher
|
0-0: Ball 1-0: Swinging Strike 1-1: Foul Ball, location: 2F 1-2: Ball 2-2: Ball 3-2: DOUBLE (Line Drive, 78D, EV 110.0 MPH) Quintin Parker to third Quintin Parker scores
|
|
Batting: LHB Jim Beaver
|
0-0: 2-RUN HOME RUN (Flyball, 8LXD, EV 105.0 MPH), Distance : 411 ft
|
|
Batting: LHB Nick Canizales
|
0-0: Called Strike 0-1: Ball 1-1: Foul Ball, location: 2F 1-2: Foul Ball, location: 2F 1-2: Ground out U3 (Groundball, 3, EV 81.9 MPH)
|
| Bottom of the 2nd over - 3 runs, 3 hits, 0 errors, 0 left on base; New York 3 - Philadelphia 4 |
| TOP OF THE 3RD |
|
New York Mets batting - Pitching for Philadelphia Phillies : RHP Matt Evans
|
|
Batting: SHB Luke Robbins
|
0-0: Ball 1-0: Foul Ball, location: 2F 1-1: Called Strike 1-2: Ball 2-2: Ball 3-2: Fly out, F8 (Flyball, 8RM, EV 86.9 MPH)
|
|
Batting: SHB Roberto Magne
|
0-0: Ground out 6-3 (Groundball, 6, EV 85.0 MPH)
|
|
Batting: RHB Antonio Aranda
|
0-0: Called Strike 0-1: Ball 1-1: Ball 2-1: Ground out 4-3 (Groundball, 4, EV 86.2 MPH)
|
| Top of the 3rd over - 0 runs, 0 hits, 0 errors, 0 left on base; New York 3 - Philadelphia 4 |
| BOTTOM OF THE 3RD |
|
Philadelphia Phillies batting - Pitching for New York Mets : RHP Jeff Jank
|
|
Batting: LHB Mike Davis
|
0-0: TRIPLE (Flyball, 8RXD, EV 96.9 MPH)
|
|
Batting: RHB Chef Belew
|
0-0: Swinging Strike 0-1: Ball 1-1: Ground out 5-3 (Groundball, 56, EV 77.5 MPH) Mike Davis scores
|
|
Batting: LHB Osamu Kubo
|
0-0: Ball 1-0: Ground out U3 (Groundball, 3, EV 80.0 MPH)
|
|
Batting: LHB Ryan Trombley
|
0-0: Called Strike 0-1: Ball 1-1: Foul Ball, location: 2F 1-2: Foul Ball, location: 2F 1-2: Ball 2-2: Fly out, F7 (Line Drive, 7S, EV 88.8 MPH)
|
| Bottom of the 3rd over - 1 run, 1 hit, 0 errors, 0 left on base; New York 3 - Philadelphia 5 |
| TOP OF THE 4TH |
|
New York Mets batting - Pitching for Philadelphia Phillies : RHP Matt Evans
|
|
Batting: RHB Chris Torlak
|
0-0: Ball 1-0: Ball 2-0: Ball 3-0: Called Strike 3-1: Fly out, F4 (Line Drive, 4, EV 69.4 MPH)
|
|
Batting: RHB Sang-ton Pak
|
0-0: Ball 1-0: Ball 2-0: Ball 3-0: Called Strike 3-1: Ground out 4-3 (Groundball, 4, EV 87.5 MPH)
|
|
Batting: RHB Finn Ross
|
0-0: SOLO HOME RUN (Flyball, 7D, EV 103.1 MPH), Distance : 382 ft
|
|
Batting: RHB Josh Jones
|
0-0: Ball 1-0: SINGLE (Line Drive, 4D, EV 102.5 MPH)
|
|
Batting: LHB Chris Ringwood
|
0-0: Ball 1-0: Called Strike 1-1: Ball 2-1: Foul Ball, location: 2F 2-2: SINGLE (Groundball, 34D, EV 100.0 MPH) Josh Jones to second Josh Jones to third
|
|
Batting: LHB Kyle Beaulieu
|
0-0: Called Strike 0-1: Ball 1-1: Ground out U3 (Groundball, 3, EV 86.9 MPH)
|
| Top of the 4th over - 1 run, 3 hits, 0 errors, 2 left on base; New York 4 - Philadelphia 5 |
| BOTTOM OF THE 4TH |
|
Philadelphia Phillies batting - Pitching for New York Mets : RHP Jeff Jank
|
|
Batting: RHB Josh Hensley
|
0-0: Ball 1-0: SINGLE (Groundball, 56D, EV 101.2 MPH)
|
|
Pitching: RHP Matt Laverty
|
|
|
Batting: RHB Quintin Parker
|
0-0: Ball 1-0: Called Strike 1-1: Ball 2-1: Foul Ball, location: 2F 2-2: Foul Ball, location: 2F 2-2: Ball 3-2: Fielders Choice at 2nd, 6-4 (Groundball, 6, EV 93.8 MPH)
|
|
Batting: LHB Cody Schumacher
|
0-0: Ball 1-0: Called Strike 1-1: Called Strike 1-2: Strikes out swinging
|
|
Batting: LHB Jim Beaver
|
0-0: Ball 1-0: Ground out 4-3 (Groundball, 34S, EV 81.2 MPH)
|
| Bottom of the 4th over - 0 runs, 1 hit, 0 errors, 1 left on base; New York 4 - Philadelphia 5 |
| TOP OF THE 5TH |
|
New York Mets batting - Pitching for Philadelphia Phillies : RHP Matt Evans
|
|
Batting: SHB Luke Robbins
|
0-0: Foul Ball, location: 2F 0-1: Called Strike 0-2: Foul Ball, location: 2F 0-2: SINGLE (Line Drive, 3D, EV 98.1 MPH)
|
|
Batting: SHB Roberto Magne
|
0-0: Called Strike 0-1: Called Strike 0-2: Grounds into double play, 5-4-3 (Groundball, 56S, EV 90.0 MPH)
|
|
Batting: RHB Antonio Aranda
|
0-0: Ball 1-0: Called Strike 1-1: Foul Ball, location: 2F 1-2: Strikes out swinging
|
| Top of the 5th over - 0 runs, 1 hit, 0 errors, 0 left on base; New York 4 - Philadelphia 5 |
| BOTTOM OF THE 5TH |
|
Philadelphia Phillies batting - Pitching for New York Mets : RHP Matt Laverty
|
|
Batting: LHB Nick Canizales
|
0-0: Foul Ball, location: 2F 0-1: Called Strike 0-2: Ball 1-2: Ball 2-2: Strikes out swinging
|
|
Batting: LHB Mike Davis
|
0-0: Called Strike 0-1: Ground out 6-3 (Groundball, 6, EV 80.6 MPH)
|
|
Batting: RHB Chef Belew
|
0-0: Swinging Strike 0-1: Swinging Strike 0-2: Ball 1-2: Strikes out swinging
|
| Bottom of the 5th over - 0 runs, 0 hits, 0 errors, 0 left on base; New York 4 - Philadelphia 5 |
| TOP OF THE 6TH |
|
New York Mets batting - Pitching for Philadelphia Phillies : RHP Matt Evans
|
|
Batting: RHB Chris Torlak
|
0-0: Ball 1-0: Ball 2-0: Called Strike 2-1: Ball 3-1: Foul Ball, location: 2F 3-2: Strikes out looking
|
|
Batting: RHB Sang-ton Pak
|
0-0: Ball 1-0: Called Strike 1-1: Swinging Strike 1-2: Foul Ball, location: 2F 1-2: Foul Ball, location: 2F 1-2: Foul Ball, location: 2F 1-2: Strikes out swinging
|
|
Batting: RHB Finn Ross
|
0-0: Ball 1-0: Called Strike 1-1: Foul Ball, location: 2F 1-2: Foul Ball, location: 2F 1-2: Ball 2-2: Ball 3-2: Strikes out looking
|
| Top of the 6th over - 0 runs, 0 hits, 0 errors, 0 left on base; New York 4 - Philadelphia 5 |
| BOTTOM OF THE 6TH |
|
Philadelphia Phillies batting - Pitching for New York Mets : RHP Matt Laverty
|
|
Batting: LHB Osamu Kubo
|
0-0: Foul Ball, location: 2F 0-1: Foul Ball, location: 2F 0-2: Foul Ball, location: 2F 0-2: Ball 1-2: Ground out 5-3 (Groundball, 56, EV 79.4 MPH)
|
|
Batting: LHB Ryan Trombley
|
0-0: Foul Ball, location: 2F 0-1: Ball 1-1: Ball 2-1: Foul Ball, location: 2F 2-2: Fly out, F8 (Flyball, 8LD, EV 86.9 MPH)
|
|
Batting: RHB Josh Hensley
|
0-0: Called Strike 0-1: DOUBLE (Flyball, 8RXD, EV 102.5 MPH)
|
|
Batting: RHB Quintin Parker
|
0-0: Ball 1-0: Ball 2-0: Ball 3-0: Called Strike 3-1: DOUBLE (Flyball, 9LD, EV 88.1 MPH) Josh Hensley scores
|
|
Pitching: RHP David Anzaldua
|
|
|
Batting: LHB Cody Schumacher
|
0-0: Ball 1-0: Swinging Strike 1-1: Ball 2-1: Ball 3-1: Foul Ball, location: 2F 3-2: Fly out, F7 (Line Drive, 7LS, EV 105.6 MPH)
|
| Bottom of the 6th over - 1 run, 2 hits, 0 errors, 1 left on base; New York 4 - Philadelphia 6 |
| TOP OF THE 7TH |
|
New York Mets batting - Pitching for Philadelphia Phillies : RHP Matt Evans
|
|
Pitching: RHP Andy Burchfield
|
|
|
Batting: RHB Josh Jones
|
0-0: Foul Ball, location: 2F 0-1: Ball 1-1: Ball 2-1: Ground out U3 (Groundball, 34S, EV 86.9 MPH)
|
|
Batting: LHB Chris Ringwood
|
0-0: Ball 1-0: Called Strike 1-1: Ground out 2-3 (Groundball, 2R, EV 69.4 MPH)
|
|
Batting: LHB Kyle Beaulieu
|
0-0: Ball 1-0: Ball 2-0: Ball 3-0: Base on Balls
|
|
Batting: SHB Luke Robbins
|
0-0: Ball 1-0: Swinging Strike 1-1: Ball 2-1: Foul Ball, location: 2F 2-2: Strikes out swinging
|
| Top of the 7th over - 0 runs, 0 hits, 0 errors, 1 left on base; New York 4 - Philadelphia 6 |
| BOTTOM OF THE 7TH |
|
Philadelphia Phillies batting - Pitching for New York Mets : RHP David Anzaldua
|
|
Batting: LHB Jim Beaver
|
0-0: Ball 1-0: Swinging Strike 1-1: Swinging Strike 1-2: Ball 2-2: Ball 3-2: Strikes out looking
|
|
Batting: LHB Nick Canizales
|
0-0: Ball 1-0: Foul Ball, location: 2F 1-1: Swinging Strike 1-2: Ball 2-2: Foul Ball, location: 2F 2-2: Ball 3-2: Strikes out swinging
|
|
Batting: LHB Mike Davis
|
0-0: Ball 1-0: Swinging Strike 1-1: Called Strike 1-2: Strikes out swinging
|
| Bottom of the 7th over - 0 runs, 0 hits, 0 errors, 0 left on base; New York 4 - Philadelphia 6 |
| TOP OF THE 8TH |
|
New York Mets batting - Pitching for Philadelphia Phillies : RHP Andy Burchfield
|
|
Batting: SHB Roberto Magne
|
0-0: Ball 1-0: Fly out, F8 (Flyball, 78M, EV 88.8 MPH)
|
|
Batting: RHB Antonio Aranda
|
0-0: Ball 1-0: SINGLE (Groundball, 6MD, EV 108.1 MPH) (infield hit)
|
|
Batting: RHB Chris Torlak
|
0-0: Foul Ball, location: 2F 0-1: Ball 1-1: Called Strike 1-2: Foul Ball, location: 2F 1-2: Strikes out looking
|
|
Batting: RHB Sang-ton Pak
|
0-0: Foul Ball, location: 2F 0-1: Ball 1-1: Called Strike 1-2: Strikes out swinging
|
| Top of the 8th over - 0 runs, 1 hit, 0 errors, 1 left on base; New York 4 - Philadelphia 6 |
| BOTTOM OF THE 8TH |
|
Philadelphia Phillies batting - Pitching for New York Mets : RHP David Anzaldua
|
|
Batting: RHB Chef Belew
|
0-0: Ball 1-0: Ball 2-0: Called Strike 2-1: Swinging Strike 2-2: Ground out 4-3 (Groundball, 4, EV 91.2 MPH)
|
|
Batting: LHB Osamu Kubo
|
0-0: Ball 1-0: Ball 2-0: Swinging Strike 2-1: Foul Ball, location: 2F 2-2: Ball 3-2: Fly out, F9 (Line Drive, 9S, EV 108.1 MPH)
|
|
Batting: LHB Ryan Trombley
|
0-0: Foul Ball, location: 2F 0-1: Foul Ball, location: 2F 0-2: Ball 1-2: Ball 2-2: Foul Ball, location: 2F 2-2: Ground out 5-3 (Groundball, 56, EV 86.9 MPH)
|
| Bottom of the 8th over - 0 runs, 0 hits, 0 errors, 0 left on base; New York 4 - Philadelphia 6 |
| TOP OF THE 9TH |
|
New York Mets batting - Pitching for Philadelphia Phillies : RHP Andy Burchfield
|
|
Pitching: RHP Omar Orosco
|
|
|
Batting: RHB Finn Ross
|
0-0: Ball 1-0: Ball 2-0: Called Strike 2-1: Foul Ball, location: 2F 2-2: Ball 3-2: Ground out 5-3 (Groundball, 56, EV 83.1 MPH)
|
|
Batting: RHB Josh Jones
|
0-0: Swinging Strike 0-1: Ball 1-1: Called Strike 1-2: Strikes out swinging
|
|
Batting: LHB Chris Ringwood
|
0-0: Ground out 4-3 (Groundball, 4, EV 85.6 MPH)
|
| Top of the 9th over - 0 runs, 0 hits, 0 errors, 0 left on base; New York 4 - Philadelphia 6 |
|